[Event "Mukachevo IM October 2019"]
[Site "Mukachevo"]
[Date "2019.10.05"]
[Round "8.4"]
[White "Tiba, Vladyslav"]
[Black "Vachylia, Andrii"]
[Result "1/2-1/2"]
[ECO "B32"]
[WhiteElo "2360"]
[BlackElo "2201"]
[Annotator "ChessBase"]
[PlyCount "28"]
[EventDate "2019.10.01"]
[EventType "tourn"]
[EventCountry "UKR"]
[SourceTitle "playchess.com"]
[Source "ChessBase"]
[SourceQuality "1"]
[TimeControl "40/5400+30:900+30"]

1. e4 c5 2. Nf3 Nc6 3. d4 cxd4 4. Nxd4 e5 5. Nb5 d6 6. N1c3 Nf6 7. Nd5 Nxd5 8. exd5 Ne7 9. c4 Ng6 10. Qa4 Bd7 11. Qb4 Bf5 12. Qa4 Bd7 13. Qb4 Bf5 14. Qa4 Bd7 1/2-1/2

[Event "Mukachevo IM October 2019"]
[Site "Mukachevo"]
[Date "2019.10.05"]
[Round "8.5"]
[White "Oros, Robert"]
[Black "Kersten, Uwe"]
[Result "1/2-1/2"]
[ECO "B52"]
[WhiteElo "2284"]
[BlackElo "2239"]
[Annotator "ChessBase"]
[PlyCount "62"]
[EventDate "2019.10.01"]
[EventType "tourn"]
[EventCountry "UKR"]
[SourceTitle "playchess.com"]
[Source "ChessBase"]
[SourceQuality "1"]
[TimeControl "40/5400+30:900+30"]

1. e4 c5 2. Nf3 d6 3. Bb5+ Bd7 4. Bxd7+ Qxd7 5. O-O Nc6 6. c3 Nf6 7. d4 cxd4 8. cxd4 d5 9. e5 Ng8 10. Nc3 e6 11. Ne2 Nge7 12. Ng3 h6 13. Be3 g6 14. Qd2 Nf5 15. Nxf5 exf5 16. Ne1 Bb4 17. Qd3 Bxe1 18. Rfxe1 Nd8 19. Rec1 Ne6 20. f3 f4 21. Bf2 O-O 22. Rc3 Rfc8 23. Rac1 Kg7 24. Qc2 Rxc3 25. Qxc3 a5 26. h3 Qb5 27. Qd2 a4 28. a3 Ra6 29. Rc3 Rb6 30. Rc2 Qb3 31. Qe2 Rc6 1/2-1/2

[Event "Mukachevo IM October 2019"]
[Site "Mukachevo"]
[Date "2019.10.06"]
[Round "9.1"]
[White "Kersten, Uwe"]
[Black "Shkuran, Danylo"]
[Result "1-0"]
[ECO "A46"]
[WhiteElo "2239"]
[BlackElo "2343"]
[Annotator "ChessBase"]
[PlyCount "49"]
[EventDate "2019.10.01"]
[EventType "tourn"]
[EventCountry "UKR"]
[SourceTitle "playchess.com"]
[Source "ChessBase"]
[SourceQuality "1"]
[TimeControl "40/5400+30:900+30"]

1. d4 Nf6 2. Bg5 e6 3. Nf3 d5 4. e3 Be7 5. Bd3 O-O 6. Nbd2 c5 7. c3 Nc6 8. Ne5 Qc7 9. f4 Rb8 10. O-O b5 11. Rf3 g6 12. Qe1 Nxe5 13. fxe5 Ne8 14. Qh4 Bxg5 15. Qxg5 c4 16. Bc2 b4 17. Rf2 Bd7 18. Raf1 bxc3 19. bxc3 Qd8 20. Qh6 Qe7 21. Rf6 Rb2 22. R1f4 Nxf6 23. exf6 Qxf6 24. Rxf6 Rxc2 25. Nf3 1-0

[Event "Mukachevo IM October 2019"]
[Site "Mukachevo"]
[Date "2019.10.06"]
[Round "9.3"]
[White "Rytenko, Vsevolod"]
[Black "Tiba, Vladyslav"]
[Result "1-0"]
[ECO "D20"]
[WhiteElo "2387"]
[BlackElo "2360"]
[Annotator "ChessBase"]
[PlyCount "59"]
[EventDate "2019.10.01"]
[EventType "tourn"]
[EventCountry "UKR"]
[SourceTitle "playchess.com"]
[Source "ChessBase"]
[SourceQuality "1"]
[TimeControl "40/5400+30:900+30"]

1. d4 d5 2. c4 dxc4 3. e4 Nf6 4. Nc3 c5 5. d5 e6 6. Bg5 Be7 7. Nf3 exd5 8. e5 Ne4 9. Bxe7 Nxc3 10. Bxd8 Nxd1 11. Rxd1 Kxd8 12. Rxd5+ Nd7 13. Bxc4 b6 14. Ng5 Kc7 15. Nxf7 Re8 16. f4 Bb7 17. Rd2 Re7 18. O-O a6 19. Nd6 Rf8 20. g3 b5 21. Bd3 g5 22. Nxb7 Kxb7 23. Be4+ Kc7 24. Rd6 gxf4 25. gxf4 Nxe5 26. fxe5 Rxf1+ 27. Kxf1 Rxe5 28. Rc6+ Kd7 29. Bg2 a5 30. Ra6 1-0

[Event "Mukachevo IM October 2019"]
[Site "Mukachevo"]
[Date "2019.10.06"]
[Round "9.4"]
[White "Petrovskiy, Vadim"]
[Black "Ganze, Laszlo"]
[Result "1-0"]
[ECO "B97"]
[WhiteElo "2197"]
[BlackElo "1942"]
[Annotator "ChessBase"]
[PlyCount "51"]
[EventDate "2019.10.01"]
[EventType "tourn"]
[EventCountry "UKR"]
[SourceTitle "playchess.com"]
[Source "ChessBase"]
[SourceQuality "1"]
[TimeControl "40/5400+30:900+30"]

1. e4 c5 2. Nf3 d6 3. d4 cxd4 4. Nxd4 Nf6 5. Nc3 a6 6. Bg5 e6 7. f4 Qb6 8. Qd2 Qxb2 9. Rb1 Qa3 10. f5 b5 11. Rb3 Qa5 12. fxe6 fxe6 13. Bd3 Be7 14. O-O O-O 15. Nd5 Qd8 16. Nxe7+ Qxe7 17. Qb4 e5 18. Bxf6 Rxf6 19. Rxf6 Qxf6 20. Bc4+ Kh8 21. Rf3 Qe7 22. Rf7 Qd8 23. Bd5 a5 24. Qd2 Ra6 25. Qg5 Qg8 26. Rxg7 1-0